[Event "Titled Tuesday Blitz January 17 Early 2023"]
[White "Riehle, Marco"]
[Black "Bagwe Gaurang"]
[WhiteFideId "12904392"]
[BlackFideId "45039895"]
[WhiteElo "2368"]
[BlackElo "2067"]
[Result "1-0"]
[Round "07"]
[TimeControl "180+2"]
[Date "2023.01.17"]
[WhiteClock "0:00:18"]
[BlackClock "0:00:02"]

1. e4 c5 2. a3 e6 3. b4 cxb4 4. axb4 Bxb4 5. Bb2 Nf6 6. e5 Nd5 7. c4 Nb6 8. Ra3 d6 9. Rg3 dxe5 10. Rxg7 Nc6 11. Nc3 Bd7 12. Ne4 Qh4 13. Bd3 O-O-O 14. Nf3 Qh6 15. Rxf7 Be8 16. Rf6 Qg7 17. Bf1 Bg6 18. Nfg5 Rxd2 19. Nxd2 Qxf6 20. Nf3 Rd8 21. Be2 Qf4 22. g3 Qh6 23. c5 e4 24. Bc1 exf3 25. Bxf3 Nc4 26. Bxc6 Bxd2+ 27. Bxd2 Qxd2+ 28. Qxd2 Rxd2 29. Bb5 Rc2 30. O-O Nd2 31. Rd1 a6 32. Be2 a5 33. Bg4 a4 34. Bxe6+ Kc7 35. Ra1 Be4 36. h4 a3 37. Kh2 Nf3+ 38. Kh3 Nd4 39. Bg8 Bf5+ 40. g4 Rc3+ 41. f3 Rxf3+ 42. Kg2 Be4 43. Kh2 Re3 44. h5 Kc6 45. g5 Nf3+ 46. Kg3 Nxg5+ 47. Kf4 Re2 48. Kxg5 Bd5 49. Bxd5+ Kxd5 50. Rxa3 Kxc5 51. Rc3+ Kb6 52. Rb3+ Kc6 53. Rc3+ Kd5 54. Rc7 Re5+ 55. Kh6 b5 56. Rxh7 b4 57. Rb7 Kc4 58. Kg6 Re1 59. h6 Rg1+ 60. Kf5 Rh1 61. h7 b3 62. Kg6 Kc3 63. Kg7 b2 64. Kg8 Kc2 65. Rc7+ Kd2 66. Rd7+ Kc2 67. Rc7+ Kd2 68. Rb7 Kc2 69. h8=Q Kd2 70. Qxh1 Kc2 71. Qg2+ Kc1 72. Rxb2 Kd1 73. Rb1# 1-0


[Site "https://www.chess.com"]

[Event "Titled Tuesday Blitz January 17 Early 2023"]
[White "Cella, Glaucio Dalla Cortt"]
[Black "Maksimovic, Bojan"]
[WhiteFideId "2119455"]
[BlackFideId "14408120"]
[WhiteElo "1894"]
[BlackElo "2486"]
[Result "0-1"]
[Round "07"]
[TimeControl "180+2"]
[Date "2023.01.17"]
[WhiteClock "0:00:14"]
[BlackClock "0:02:00"]

1. e4 c5 2. Nf3 Nc6 3. c3 d5 4. exd5 Qxd5 5. Na3 Nf6 6. d4 cxd4 7. Nb5 Qd8 8. Nbxd4 Bd7 9. Bc4 e6 10. O-O Qc7 11. Bb3 Nxd4 12. cxd4 Bd6 13. Bg5 Nd5 14. Rc1 Qb6 15. Bxd5 exd5 16. Qe2+ Be6 17. a4 O-O 18. Qb5 Qxb5 19. axb5 Bd7 20. Rfe1 f6 21. Bh4 Bxb5 22. Bg3 Bxg3 23. hxg3 Bc6 24. Nd2 Rfe8 25. f3 Rxe1+ 26. Rxe1 Kf7 27. Kf2 a5 28. Nb3 a4 29. Nc5 Ra5 30. Re6 Rxc5 0-1


[Site "https://www.chess.com"]

[Event "Titled Tuesday Blitz January 17 Early 2023"]
[White "Cappai, Davide"]
[Black "Cherniaiev, Tykhon"]
[WhiteFideId "813338"]
[BlackFideId "14182360"]
[WhiteElo "2140"]
[BlackElo "2330"]
[Result "0-1"]
[Round "07"]
[TimeControl "180+2"]
[Date "2023.01.17"]
[WhiteClock "0:00:48"]
[BlackClock "0:00:18"]

1. b3 e5 2. Bb2 Nc6 3. e3 Nf6 4. Nf3 Bd6 5. d4 exd4 6. Nxd4 Nxd4 7. Qxd4 O-O 8. c4 Re8 9. Nc3 Be5 10. Qd3 d5 11. O-O-O c6 12. cxd5 cxd5 13. Be2 Be6 14. Kb1 Qd7 15. Ka1 Rac8 16. Bf3 Red8 17. Rc1 Bf5 18. Qd2 d4 19. exd4 Qxd4 20. Qxd4 Bxd4 21. Bxb7 Rb8 22. Ba6 Bxf2 23. Rcf1 Rd2 24. Na4 Ng4 25. Bc3 Rc2 26. Rc1 Ne3 27. Rxc2 Nxc2+ 28. Kb2 Ne3 29. h3 Nxg2 30. Rf1 Ne3 31. Rxf2 Nd1+ 32. Ka3 Nxf2 33. Bd4 Nxh3 34. b4 Nf4 35. b5 Bd3 36. Bxa7 Ra8 37. Be3 Nd5 38. Nb6 Nxb6 39. Bxb6 Bxb5 40. Kb4 Bxa6 41. a4 h5 42. a5 h4 43. Kc5 h3 44. Bc7 Rc8 45. Kb6 Rxc7 46. Kxc7 h2 47. Kb6 h1=Q 0-1


[Site "https://www.chess.com"]

[Event "Titled Tuesday Blitz January 17 Early 2023"]
[White "Mikhailovsky, Vladimir"]
[Black "Martin Duque, Jesus"]
[WhiteFideId "34105414"]
[BlackFideId "2208954"]
[WhiteElo "2215"]
[BlackElo "2386"]
[Result "1-0"]
[Round "07"]
[TimeControl "180+2"]
[Date "2023.01.17"]
[WhiteClock "0:00:07"]
[BlackClock "0:01:27"]

1. Nf3 Nf6 2. c4 b6 3. d4 e6 4. a3 Bb7 5. Bf4 Bd6 6. Bg3 O-O 7. Nc3 Ne4 8. Qc2 f5 9. e3 Bxg3 10. hxg3 d6 11. Bd3 Nxc3 12. Qxc3 Nd7 13. g4 g6 14. gxf5 exf5 15. O-O-O Qf6 16. Rh6 Rae8 17. Rdh1 Re7 18. Qd2 c5 19. d5 Ne5 20. Nxe5 dxe5 21. f3 e4 22. Bc2 exf3 23. gxf3 Rfe8 24. e4 Ba6 25. exf5 Re2 26. fxg6 hxg6 27. Rxg6+ Qxg6 28. Bxg6 Rxd2 29. Kxd2 Rf8 30. b3 Kg7 31. Be4 Kf6 32. Ke2 Ke5 33. Ke3 b5 34. Rh5+ Kd6 35. Rh6+ Ke5 36. Rxa6 bxc4 37. Re6# 1-0


[Site "https://www.chess.com"]

[Event "Titled Tuesday Blitz January 17 Early 2023"]
[White "Postny, Evgeny"]
[Black "Kuznetsov, Mikhail"]
[WhiteFideId "2804344"]
[BlackFideId "4117190"]
[WhiteElo "2549"]
[BlackElo "2050"]
[Result "1-0"]
[Round "07"]
[TimeControl "180+2"]
[Date "2023.01.17"]
[WhiteClock "0:01:55"]
[BlackClock "0:00:33"]

1. e4 c6 2. d4 d5 3. f3 dxe4 4. fxe4 e5 5. Nf3 Be6 6. c3 Nf6 7. Bd3 Nbd7 8. O-O Bd6 9. Nbd2 Qc7 10. Kh1 O-O-O 11. a4 h6 12. a5 Ng4 13. Qe2 exd4 14. a6 b6 15. cxd4 Nxh2 16. Nxh2 Bxh2 17. e5 Bg3 18. Ne4 Bh4 19. Nd6+ Kb8 20. Nxf7 Bxf7 21. Rxf7 Rhe8 22. Bf4 Re7 23. e6 Rxf7 24. Bxc7+ Kxc7 25. exf7 Rf8 26. Rf1 Bf6 27. Qe6 Kd8 28. Bf5 Nb8 29. Qd6+ 1-0


[Site "https://www.chess.com"]

[Event "Titled Tuesday Blitz January 17 Early 2023"]
[White "Ozates, Tuna"]
[Black "Harshavardhan G B"]
[WhiteFideId "6354521"]
[BlackFideId "25059009"]
[WhiteElo "2251"]
[BlackElo "2408"]
[Result "0-1"]
[Round "07"]
[TimeControl "180+2"]
[Date "2023.01.17"]
[WhiteClock "0:00:16"]
[BlackClock "0:00:37"]

1. e4 e5 2. Nf3 Nc6 3. Bc4 Nf6 4. d3 Be7 5. O-O O-O 6. Bb3 d6 7. c3 Kh8 8. Ng5 Qe8 9. f4 h6 10. Nf3 exf4 11. Bxf4 Be6 12. Bc2 d5 13. e5 Nd7 14. d4 Nd8 15. Qd3 f5 16. exf6 Nxf6 17. Nbd2 Bg8 18. Ne5 Bh7 19. Ng6+ Bxg6 20. Qxg6 Ne6 21. Be5 Qxg6 22. Bxg6 Ng4 23. Rae1 Bg5 24. Rxf8+ Nxf8 25. Nf3 Nxg6 26. Nxg5 hxg5 27. Bxc7 Nf6 28. Re6 Kg8 29. g3 Kf7 30. Re2 g4 31. Kg2 b5 32. h3 gxh3+ 33. Kxh3 Rh8+ 34. Kg2 Ne4 35. a4 bxa4 36. c4 Rc8 37. cxd5 Rxc7 38. Rxe4 Rd7 39. d6 Rxd6 40. d5 Rxd5 41. Rxa4 Rd7 42. Ra5 Rb7 43. Kf3 Ne7 44. g4 Ke6 45. Ra6+ Ke5 46. Rg6 Nxg6 0-1


[Site "https://www.chess.com"]

[Event "Titled Tuesday Blitz January 17 Early 2023"]
[White "Mahdavi, Reza"]
[Black "Kuzmin, Roman"]
[WhiteFideId "12595926"]
[BlackFideId "44134932"]
[WhiteElo "2339"]
[BlackElo "2198"]
[Result "1-0"]
[Round "07"]
[TimeControl "180+2"]
[Date "2023.01.17"]
[WhiteClock "0:01:15"]
[BlackClock "0:00:04"]

1. e4 c5 2. Nf3 d6 3. Bb5+ Bd7 4. Bxd7+ Qxd7 5. O-O Nc6 6. c3 Nf6 7. Re1 e6 8. d4 cxd4 9. cxd4 d5 10. e5 Ne4 11. Nbd2 Nxd2 12. Bxd2 Be7 13. Rc1 O-O 14. Rc3 b5 15. Ree3 b4 16. Rcd3 Rac8 17. Ne1 a5 18. Rh3 g6 19. Qg4 f5 20. exf6 Bxf6 21. Rhe3 Rfe8 22. Nf3 Nd8 23. Re1 Nf7 24. Rde3 Rc6 25. R3e2 Rd6 26. h4 Kg7 27. h5 Qc6 28. Bf4 Rd7 29. Rxe6 Rxe6 30. Rxe6 Qc2 31. h6+ 1-0


[Site "https://www.chess.com"]

[Event "Titled Tuesday Blitz January 17 Early 2023"]
[White "Salimova, Nurgyul"]
[Black "Mamedov, Edgar"]
[WhiteFideId "2915138"]
[BlackFideId "13739980"]
[WhiteElo "2391"]
[BlackElo "2193"]
[Result "1-0"]
[Round "07"]
[TimeControl "180+2"]
[Date "2023.01.17"]
[WhiteClock "0:00:18"]
[BlackClock "0:00:05"]

1. e4 c6 2. d4 d5 3. e5 c5 4. Nf3 Nc6 5. dxc5 e6 6. Be3 Nh6 7. c3 Nf5 8. Bd4 Bd7 9. Bd3 Nfxd4 10. cxd4 b6 11. cxb6 Qxb6 12. O-O Nxd4 13. Nxd4 Qxd4 14. Nc3 Bc5 15. Qe2 O-O 16. Rad1 Qh4 17. Kh1 f6 18. f4 f5 19. Rc1 Rac8 20. Rc2 Bd4 21. Qf3 Bxc3 22. bxc3 Ba4 23. Rcc1 Qe7 24. c4 d4 25. Kg1 Bc6 26. Qf2 Rfd8 27. Rfd1 Qc5 28. Bf1 Be4 29. Bd3 Qa3 30. Qe2 Bxd3 31. Qxd3 Qxa2 32. c5 Qd5 33. Rc4 Rc6 34. Qxd4 Qxd4+ 35. Rdxd4 Rxd4 36. Rxd4 Rxc5 37. Rd8+ Kf7 38. Rd7+ Kf8 39. Rxa7 Rc4 40. g3 Rc2 41. h4 Re2 42. Kf1 Rc2 43. Rb7 Rd2 44. Rc7 Ra2 45. Rb7 Rc2 46. Ra7 Rb2 47. Rd7 Ra2 48. Ke1 Rg2 49. Rd3 Kf7 50. Ra3 Kg6 51. Kf1 Rb2 52. Ra7 Rc2 53. Re7 Rc6 54. Kg2 Rc2+ 55. Kf3 Rc3+ 56. Kf2 Rc2+ 57. Ke1 Rc1+ 58. Kf2 Rc6 59. Kg2 Ra6 60. Kh3 h5 61. Kg2 Rc6 62. Kf3 Rb6 63. Ke2 Rc6 64. Ke3 Rb6 65. Kd4 Rc6 66. Kd3 Ra6 67. Ke3 1-0


[Site "https://www.chess.com"]

[Event "Titled Tuesday Blitz January 17 Early 2023"]
[White "Rohith Krishna S"]
[Black "Batsiashvili, Nino"]
[WhiteFideId "46617051"]
[BlackFideId "13602993"]
[WhiteElo "2385"]
[BlackElo "2467"]
[Result "1-0"]
[Round "07"]
[TimeControl "180+2"]
[Date "2023.01.17"]
[WhiteClock "0:00:40"]
[BlackClock "0:00:06"]

1. Nf3 Nf6 2. g3 d5 3. Bg2 e6 4. O-O Be7 5. c4 O-O 6. d4 c6 7. Qc2 b6 8. Rd1 Bb7 9. b3 Nbd7 10. Nc3 Ba6 11. Ne5 Nxe5 12. dxe5 Nd7 13. cxd5 cxd5 14. e4 Rc8 15. exd5 Bb4 16. Bb2 exd5 17. Rxd5 Qc7 18. Qd1 Bxc3 19. Bxc3 Qxc3 20. Rxd7 Qxe5 21. Rxa7 Be2 22. Qe1 Rc2 23. Rc1 Rxc1 24. Qxc1 h5 25. h4 Bg4 26. Qd2 Re8 27. Bd5 Be6 28. Bf3 Bg4 29. Qd5 Bxf3 30. Qxf7+ Kh8 31. Qxf3 b5 32. a4 bxa4 33. bxa4 Qe1+ 34. Kg2 Qe5 35. Rb7 Kg8 36. Rb5 Qe4 37. Rxh5 Qxa4 38. Qd5+ Kf8 39. Rf5+ Ke7 40. Rf7# 1-0


[Site "https://www.chess.com"]

[Event "Titled Tuesday Blitz January 17 Early 2023"]
[White "Becerra, Juan David"]
[Black "Aradhya, Garg"]
[WhiteFideId "4404998"]
[BlackFideId "25006746"]
[WhiteElo "2382"]
[BlackElo "2284"]
[Result "0-1"]
[Round "07"]
[TimeControl "180+2"]
[Date "2023.01.17"]
[WhiteClock "0:00:03"]
[BlackClock "0:00:08"]

1. d4 d5 2. c4 c6 3. c5 e5 4. e3 Nf6 5. Nc3 e4 6. f4 b6 7. Na4 bxc5 8. dxc5 Na6 9. Qd4 Rb8 10. Bd2 Be7 11. Qc3 O-O 12. Ne2 Nd7 13. Nd4 Qc7 14. Qa5 Qxa5 15. Bxa5 Ndxc5 16. Nxc6 Rb7 17. Nxe7+ Rxe7 18. Nxc5 Nxc5 19. Bc3 Ba6 20. Bxa6 Nxa6 21. O-O-O Rd7 22. Kb1 Rc8 23. Bd4 Nb4 24. Rc1 Rb8 25. g4 Nd3 26. Rc2 Rdb7 27. h4 a5 28. h5 a4 29. h6 g6 30. f5 Kf8 31. fxg6 fxg6 32. Rf1+ Ke7 33. g5 a3 34. b3 Ke8 35. Bc5 Rf7 36. Rxf7 Kxf7 37. Bxa3 Ke6 38. Rc6+ Kf5 39. Be7 d4 40. exd4 e3 41. Rc2 Re8 42. Bf6 e2 43. Rxe2 Rxe2 44. d5 Nb4 45. d6 Ke6 46. a4 Kxd6 47. a5 Kc6 48. Kc1 Kb5 49. Kd1 Ra2 0-1


[Site "https://www.chess.com"]

[Event "Titled Tuesday Blitz January 17 Early 2023"]
[White "Guliev, Logman"]
[Black "Nazari, Arad"]
[WhiteFideId "13400061"]
[BlackFideId "12577324"]
[WhiteElo "2250"]
[BlackElo "2367"]
[Result "1-0"]
[Round "07"]
[TimeControl "180+2"]
[Date "2023.01.17"]
[WhiteClock "0:00:09"]
[BlackClock "0:00:05"]

1. e4 c5 2. Nf3 d6 3. d4 cxd4 4. Nxd4 Nf6 5. Nc3 a6 6. f4 e5 7. Nf3 Qc7 8. a4 Be7 9. Bd3 Nbd7 10. O-O Nc5 11. Kh1 b6 12. Qe1 Bb7 13. Nh4 exf4 14. Nf5 O-O 15. Bxf4 Rfe8 16. Bh6 Ne6 17. Nd5 Nxd5 18. exd5 Bxd5 19. Bxg7 Nxg7 20. Qg3 Bf8 21. Qh3 Be4 22. Nh6+ Kh8 23. Nxf7+ Kg8 24. Bxe4 Rxe4 25. Ng5 h5 26. Nxe4 Qxc2 27. Nf6+ Kh8 28. Nxh5 Qh7 29. Nxg7 Qxh3 30. gxh3 Bxg7 31. Rad1 Be5 32. Rf7 Rc8 33. Rd2 Rc4 34. b3 Rc3 35. Ra7 a5 36. Rb7 Rxb3 37. Rc2 Bc3 38. Kg2 d5 39. Re2 Bg7 40. Re8+ Kh7 41. Ree7 Rb2+ 42. Kg3 Rb3+ 43. Kg4 Rb4+ 44. Kg5 1-0


[Site "https://www.chess.com"]

[Event "Titled Tuesday Blitz January 17 Early 2023"]
[White "Kabilov, Amin"]
[Black "Costachi, Mihnea"]
[WhiteFideId "14700859"]
[BlackFideId "1217518"]
[WhiteElo "2207"]
[BlackElo "2476"]
[Result "0-1"]
[Round "07"]
[TimeControl "180+2"]
[Date "2023.01.17"]
[WhiteClock "0:00:03"]
[BlackClock "0:00:38"]

1. d4 Nf6 2. c4 e6 3. Nf3 d5 4. Nc3 a6 5. cxd5 exd5 6. Bg5 Be6 7. e3 Bd6 8. Bd3 h6 9. Bh4 Nbd7 10. Rc1 c6 11. O-O O-O 12. Qc2 Qb8 13. e4 dxe4 14. Nxe4 Nxe4 15. Bxe4 Bf4 16. Bg3 Re8 17. Rfe1 Nf6 18. Bf5 Bxg3 19. hxg3 Qd6 20. Bxe6 Rxe6 21. Qb3 Rxe1+ 22. Rxe1 b5 23. Ne5 Rf8 24. Rc1 Qxd4 25. Nxc6 Qd2 26. Qc3 Qxc3 27. Rxc3 Re8 28. Kf1 Kf8 29. Ra3 Ra8 30. Ra5 Nd5 31. Nd4 Nb6 32. b3 g6 33. f3 h5 34. Kf2 Ke8 35. a4 bxa4 36. bxa4 Kd7 37. Nb3 Kc6 38. Nc5 Rd8 39. Nxa6 Rd2+ 40. Kf1 Nd5 41. Rc5+ Kb6 42. Rxd5 Rxd5 43. Nb4 Rd2 44. a5+ Kb5 45. a6 Kxb4 0-1


[Site "https://www.chess.com"]

[Event "Titled Tuesday Blitz January 17 Early 2023"]
[White "Demchenko, Anton"]
[Black "Donskov, Anatoly"]
[WhiteFideId "4160258"]
[BlackFideId "24143413"]
[WhiteElo "2623"]
[BlackElo "2279"]
[Result "1-0"]
[Round "07"]
[TimeControl "180+2"]
[Date "2023.01.17"]
[WhiteClock "0:01:14"]
[BlackClock "0:00:01"]

1. e4 c5 2. Nf3 e6 3. c3 d5 4. exd5 Qxd5 5. d4 Nf6 6. Na3 a6 7. Nc4 Nbd7 8. Be2 b5 9. Na5 Be7 10. O-O Bd8 11. Ng5 Qd6 12. Bf3 Nd5 13. c4 Bxa5 14. cxd5 exd5 15. dxc5 Nxc5 16. Bxd5 Bb7 17. Qe2+ Kf8 18. Bxb7 Nxb7 19. Qf3 Rb8 20. Bf4 1-0


[Site "https://www.chess.com"]

[Event "Titled Tuesday Blitz January 17 Early 2023"]
[White "Martynov, Pavel"]
[Black "Maximov, Dmitry"]
[WhiteFideId "4101260"]
[BlackFideId "14105659"]
[WhiteElo "2414"]
[BlackElo "2497"]
[Result "0-1"]
[Round "07"]
[TimeControl "180+2"]
[Date "2023.01.17"]
[WhiteClock "0:00:12"]
[BlackClock "0:00:09"]

1. e4 c5 2. Nf3 d6 3. Bb5+ Nd7 4. O-O a6 5. Bxd7+ Bxd7 6. c3 Nf6 7. Re1 e6 8. d4 cxd4 9. cxd4 d5 10. exd5 Nxd5 11. Nc3 Nxc3 12. bxc3 Be7 13. Ne5 O-O 14. Qf3 b5 15. Qg3 Rc8 16. Bh6 Bf6 17. Ng4 Bh4 18. Qe5 f6 19. Qh5 f5 20. Ne5 Be8 21. Qe2 gxh6 22. Nf3 Bf7 23. a4 Bf6 24. axb5 axb5 25. Qxb5 Rxc3 26. Ra7 Qd5 27. Qxd5 exd5 28. h3 Re8 29. Rb1 Re7 30. Rb8+ Kg7 31. Ra6 Rc1+ 32. Kh2 Rcc7 33. Rbb6 Bg5 34. h4 Bf4+ 35. g3 Bc1 36. Ne5 Bh5 37. Rd6 Bb2 38. Rxd5 Rc2 39. Kg1 Bxd4 40. Nd3 Bf3 41. Rxd4 Rc1+ 42. Kh2 Rh1# 0-1


[Site "https://www.chess.com"]

[Event "Titled Tuesday Blitz January 17 Early 2023"]
[White "Lymar, Vladislav"]
[Black "Tsaruk, Maksim"]
[WhiteFideId "14162180"]
[BlackFideId "13511173"]
[WhiteElo "2119"]
[BlackElo "2373"]
[Result "0-1"]
[Round "07"]
[TimeControl "180+2"]
[Date "2023.01.17"]
[WhiteClock "0:02:49"]
[BlackClock "0:02:44"]

1. e4 c5 2. Nf3 d6 3. g3 Nf6 4. Nc3 g6 5. Bg2 Bg7 6. O-O O-O 7. d3 Nc6 8. h3 Rb8 9. a4 a6 10. Be3 b5 11. axb5 axb5 12. Qd2 b4 13. Nd1 Nd7 14. Bh6 e5 15. Bxg7 Kxg7 16. Nh2 Nd4 0-1


[Site "https://www.chess.com"]

[Event "Titled Tuesday Blitz January 17 Early 2023"]
[White "Al-Tarboush, Ward"]
[Black "Rozman, Levy"]
[WhiteFideId "7601450"]
[BlackFideId "2039877"]
[WhiteElo "2256"]
[BlackElo "2322"]
[Result "0-1"]
[Round "07"]
[TimeControl "180+2"]
[Date "2023.01.17"]
[WhiteClock "0:00:39"]
[BlackClock "0:00:04"]

1. e4 e6 2. d4 d5 3. exd5 exd5 4. Nf3 Bd6 5. Nc3 Ne7 6. Nb5 Bb4+ 7. c3 Ba5 8. b4 Bb6 9. a4 a6 10. Na3 c6 11. Bd3 Bg4 12. O-O Qd6 13. Re1 Bc7 14. g3 Qf6 15. Bg5 Qxg5 16. Nxg5 Bxd1 17. Raxd1 h6 18. Nf3 Nd7 19. Re2 Kf8 20. Rde1 Bd6 21. Nc2 Nf6 22. Ne3 Re8 23. Nf5 Nxf5 24. Rxe8+ Nxe8 25. Bxf5 Bc7 26. Bc8 Nd6 27. Bd7 g5 28. h4 Bd8 29. Ne5 gxh4 30. g4 Bg5 31. Nd3 Bd2 32. Re2 Bxc3 33. b5 axb5 34. axb5 Nxb5 35. Nf4 Nd6 36. Nh5 Bxd4 37. Kg2 Rg8 38. f4 f5 39. Re6 Rxg4+ 40. Kf3 Ne4 41. Rxh6 h3 42. Bxf5 h2 43. Nf6 Rg3+ 44. Ke2 Nxf6 45. Rxh2 Re3+ 46. Kd2 Ne4+ 0-1


[Site "https://www.chess.com"]

[Event "Titled Tuesday Blitz January 17 Early 2023"]
[White "Gurvich, Vitaly"]
[Black "Mammadzada, Gunay"]
[WhiteFideId "24164852"]
[BlackFideId "13403729"]
[WhiteElo "2278"]
[BlackElo "2449"]
[Result "0-1"]
[Round "07"]
[TimeControl "180+2"]
[Date "2023.01.17"]
[WhiteClock "0:00:11"]
[BlackClock "0:00:17"]

1. d4 d5 2. c4 c6 3. cxd5 cxd5 4. Bg5 h6 5. Bh4 Qb6 6. Qd2 e6 7. Nc3 Ne7 8. f3 Nf5 9. Bf2 Nc6 10. Rd1 Bb4 11. e4 dxe4 12. fxe4 Nd6 13. d5 Qa5 14. dxc6 Nxe4 15. cxb7 Bxb7 16. Qd7+ Kf8 17. Qxb7 Bxc3+ 18. Ke2 Nxf2 19. Qxa8+ Ke7 20. Qb7+ Kf6 21. Qf3+ Ke7 22. Qxc3 Qxc3 23. bxc3 Nxh1 24. g3 Rb8 25. Bg2 Rb2+ 26. Rd2 Rb1 27. Nf3 g5 28. c4 f6 29. Rc2 e5 30. c5 Kd7 31. c6+ Kc7 32. Nd2 Rg1 33. Bd5 f5 34. Nc4 e4 35. Nd6 Kxd6 36. c7 Rg2+ 37. Kd1 Rxc2 38. Kxc2 Kxc7 39. Be6 f4 40. gxf4 gxf4 41. Kd2 Kd6 42. Bg8 Nf2 43. Ke2 e3 44. Bh7 Ke5 45. h4 Ng4 46. Bd3 Nf6 47. Kf3 Nd5 48. Be2 Nc3 49. Bc4 Kd4 50. Bg8 e2 51. Kf2 Kd3 52. Ke1 Ke3 0-1


[Site "https://www.chess.com"]

[Event "Titled Tuesday Blitz January 17 Early 2023"]
[White "Domingo Nunez, Ruben"]
[Black "Garakov, Mikhael"]
[WhiteFideId "22245570"]
[BlackFideId "4169034"]
[WhiteElo "2416"]
[BlackElo "2447"]
[Result "0-1"]
[Round "07"]
[TimeControl "180+2"]
[Date "2023.01.17"]
[WhiteClock "0:00:02"]
[BlackClock "0:00:20"]

1. c4 Nf6 2. Nf3 c5 3. Nc3 b6 4. g3 Bb7 5. Bg2 e6 6. O-O Be7 7. b3 O-O 8. Bb2 a6 9. d4 cxd4 10. Qxd4 Nc6 11. Qf4 d6 12. Rfd1 Qc7 13. Rac1 Ne5 14. Na4 Ned7 15. Qe3 Rac8 16. Bh3 Nc5 17. Nc3 Rfe8 18. b4 Ncd7 19. Na4 Bc6 20. Qb3 Qb8 21. Nd4 Ba8 22. f3 Bf8 23. a3 d5 24. cxd5 Bxd5 25. Qd3 b5 26. Nc3 Bc4 27. Qe3 Nb6 28. Ne4 Nxe4 29. Qxe4 Bd5 30. Qg4 Nc4 31. Ba1 Ne3 32. Rxc8 Rxc8 33. Qg5 Nxd1 34. Qd2 Rd8 35. Qxd1 Bc4 36. Qc1 Qb6 37. e3 e5 38. Nf5 g6 39. Nh4 Bg7 40. Ng2 Rd3 41. Bc3 Qd6 42. Bd2 Rxd2 0-1


[Site "https://www.chess.com"]

[Event "Titled Tuesday Blitz January 17 Early 2023"]
[White "Starozhilov, Leonid"]
[Black "Ansh M Shah"]
[WhiteFideId "14106752"]
[BlackFideId "25033379"]
[WhiteElo "2313"]
[BlackElo "2171"]
[Result "1-0"]
[Round "07"]
[TimeControl "180+2"]
[Date "2023.01.17"]
[WhiteClock "0:00:25"]
[BlackClock "0:00:22"]

1. e4 c6 2. d3 d5 3. Nd2 e5 4. Ngf3 Bd6 5. d4 exd4 6. exd5 Nf6 7. Nb3 Nxd5 8. Nfxd4 O-O 9. Be2 Qh4 10. g3 Qh3 11. Qd3 Re8 12. Bd2 Nb4 13. Bxb4 Bxb4+ 14. c3 Bf8 15. O-O-O Na6 16. Bf3 Bg4 17. Bxg4 Qxg4 18. Qf5 Qxf5 19. Nxf5 Re2 20. Rhf1 Nc5 21. Nbd4 Re5 22. Ne3 g6 23. Kc2 Rae8 24. Ng4 Re4 25. Nf6+ Kg7 26. Nxe8+ Rxe8 27. Rfe1 Rc8 28. b4 Nd7 29. Ne6+ fxe6 30. Rxd7+ Kf6 31. Rxb7 c5 32. b5 c4 33. Rxa7 Bc5 34. Ra6 Kg5 35. Rc6 Rxc6 36. bxc6 Bxf2 37. c7 Bxe1 38. c8=Q e5 39. Qxc4 Bf2 40. a4 e4 41. Qxe4 h5 42. a5 h4 43. gxh4+ Bxh4 44. a6 Bg3 45. a7 Bxh2 46. a8=Q Be5 47. Qad5 Kh6 48. Qdxe5 g5 49. Qh8# 1-0


[Site "https://www.chess.com"]

[Event "Titled Tuesday Blitz January 17 Early 2023"]
[White "Bazarov, Konstantin"]
[Black "Dourerassou, Jonathan"]
[WhiteFideId "4137000"]
[BlackFideId "628050"]
[WhiteElo "2235"]
[BlackElo "2414"]
[Result "0-1"]
[Round "07"]
[TimeControl "180+2"]
[Date "2023.01.17"]
[WhiteClock "0:01:43"]
[BlackClock "0:02:04"]

1. d4 Nf6 2. c4 g6 3. Nc3 d6 4. e4 Bg7 5. Nge2 O-O 6. Ng3 Na6 7. h4 c5 8. d5 h5 9. Be2 e6 10. Bg5 Nc7 11. Qd2 exd5 12. exd5 a6 13. a4 Re8 14. O-O Bd7 15. Bf4 Bg4 16. f3 Bc8 17. Rfe1 Nh7 18. Nge4 Bd4+ 19. Kf1 Qxh4 20. Ng3 Qh2 21. Qxd4 cxd4 22. Nce4 Rxe4 23. fxe4 Qh4 24. Bxd6 Qf6+ 0-1


[Site "https://www.chess.com"]

[Event "Titled Tuesday Blitz January 17 Early 2023"]
[White "Bosnjak, Petar"]
[Black "Weetik, Vjacheslav"]
[WhiteFideId "14532581"]
[BlackFideId "4153472"]
[WhiteElo "2337"]
[BlackElo "2423"]
[Result "1-0"]
[Round "07"]
[TimeControl "180+2"]
[Date "2023.01.17"]
[WhiteClock "0:00:42"]
[BlackClock "0:00:05"]

1. d4 Nf6 2. c4 g6 3. Nc3 Bg7 4. e4 d6 5. f3 O-O 6. Be3 c5 7. Nge2 Nc6 8. Qd2 Qa5 9. Rd1 a6 10. h4 h5 11. dxc5 dxc5 12. Nd5 Qxa2 13. Nc1 Qa5 14. Nxe7+ Kh7 15. Qxa5 Nxa5 16. Bxc5 Be6 17. b3 Rfe8 18. Nd5 Rac8 19. Bb6 Nc6 20. Be2 Nd7 21. Be3 Nde5 22. Kf2 Na5 23. Nf4 Bd7 24. Rd2 b5 25. cxb5 Bxb5 26. Bxb5 axb5 27. Ra2 Nac6 28. Nd5 Ne7 29. Nxe7 Rxe7 30. Rd1 Rec7 31. Ne2 Nc6 32. Rc2 Nb4 33. Rxc7 Rxc7 34. f4 Rc2 35. Rd2 Rc7 36. Kf3 Bf8 37. f5 Be7 38. Bg5 f6 39. Bf4 Rb7 40. fxg6+ Kxg6 41. Bd6 Nc6 42. Nf4+ Kf7 43. Bxe7 Rxe7 44. Nxh5 Ne5+ 45. Ke2 Rc7 46. Nf4 Rc3 47. Nd3 Rxb3 48. Nxe5+ fxe5 49. Rd3 Rb2+ 50. Kf3 b4 51. g4 b3 52. g5 Rb1 53. Kg4 Ke6 54. Kh5 1-0


[Site "https://www.chess.com"]

[Event "Titled Tuesday Blitz January 17 Early 2023"]
[White "Csonka, Balazs"]
[Black "Eynullayev, Atilla"]
[WhiteFideId "742910"]
[BlackFideId "13413570"]
[WhiteElo "2496"]
[BlackElo "2281"]
[Result "1-0"]
[Round "07"]
[TimeControl "180+2"]
[Date "2023.01.17"]
[WhiteClock "0:00:03"]
[BlackClock "0:00:18"]

1. c4 Nf6 2. Nc3 e6 3. e4 d5 4. e5 d4 5. exf6 dxc3 6. bxc3 Qxf6 7. Nf3 b6 8. c5 Bb7 9. Qa4+ Bc6 10. Bb5 Bxb5 11. Qxb5+ c6 12. cxb6 axb6 13. Qxb6 Bd6 14. Qb7 Ra4 15. Qc8+ Ke7 16. Qxh8 Re4+ 17. Kd1 Qg6 18. Re1 Rf4 19. Ne5 Qxg2 20. Qc8 Bxe5 21. Rxe5 Qg1+ 22. Re1 Qg4+ 23. Kc2 Qf5+ 24. d3 Rxf2+ 25. Bd2 Nd7 26. Rab1 Qf4 27. Red1 Qa4+ 28. Kc1 Qa3+ 29. Rb2 Nc5 30. Qc7+ Ke8 31. Qxc6+ Ke7 32. Qc7+ Ke8 33. Qb8+ Ke7 34. Kb1 Nxd3 35. Qc7+ Kf6 36. Rb3 Qa6 37. Qd8+ Ke5 38. Qd4+ Kf5 39. h3 e5 40. Qg4+ Kf6 41. Bg5+ Kg6 42. Be7+ Kh6 43. Qg5# 1-0


[Site "https://www.chess.com"]

[Event "Titled Tuesday Blitz January 17 Early 2023"]
[White "Belozerov, Andrei"]
[Black "Musovic, Armin"]
[WhiteFideId "4120213"]
[BlackFideId "939935"]
[WhiteElo "2461"]
[BlackElo "2261"]
[Result "1-0"]
[Round "07"]
[TimeControl "180+2"]
[Date "2023.01.17"]
[WhiteClock "0:01:35"]
[BlackClock "0:01:45"]

1. d4 d5 2. c4 c5 3. cxd5 Qxd5 4. Nf3 cxd4 5. Nc3 Qa5 6. Nxd4 Nf6 7. g3 e5 8. Nb3 Qc7 9. Bg2 Bb4 10. O-O Bxc3 11. bxc3 O-O 12. Bg5 Nbd7 13. Qd3 h6 14. Be3 Rd8 15. Rfd1 e4 16. Qd6 Qxc3 17. Rac1 Qb2 18. Rd2 Qxc1+ 19. Nxc1 Re8 20. Nb3 Nf8 21. Nd4 a6 22. h3 Ng6 23. Bxh6 Re5 24. Bf4 Nxf4 25. Qxe5 Nxh3+ 26. Bxh3 Bxh3 27. Nf5 Re8 28. Qf4 Re6 29. Rd8+ Kh7 30. Qh4+ 1-0


[Site "https://www.chess.com"]